 Dungeon Crawl Stone Soup version 0.27-a0-79-gcaaa221d37 (webtiles) character file.

Game seed: 2777834791860275579

13293 Borgoz the Fighter (level 12, 0/107 HPs)
             Began as a Ghoul Gladiator on Jan 14, 2021.
             Was a High Priest of Okawaru.
             Slain by a blink frog (3 damage)
             ... on level 1 of the Lair of Beasts.
             The game lasted 00:25:51 (16150 turns).

Borgoz the Fighter (Ghoul Gladiator)               Turns: 16150, Time: 00:25:52

Health: 0/107      AC: 18    Str: 19    XL:     12   Next: 4%
Magic:  14/14      EV:  9    Int:  3    God:    Okawaru [*****.]
Gold:   487        SH:  3    Dex: 14    Spells: 11/11 levels left

rFire    . . .     SeeInvis .   x - +2 long sword (flame)
rCold    + + .     Faith    +   e - +0 buckler
rNeg     + + +     Spirit   .   y - +2 plate armour {rC+}
rPois    ∞         Reflect  .   c - +0 helmet
rElec    .         Harm     .   (no cloak)
rCorr    .         Rampage  .   h - +0 pair of gloves
Will     .....                  (no boots)
Stlth    ..........             u - amulet of faith
HPRegen  0.00/turn              (no ring)
MPRegen  0.14/turn              g - +4 ring of slaying

@: no status effects
A: claws 1, cold resistance 1, negative energy resistance 3, inhibited
regeneration, torment resistance, unbreathing
a: Renounce Religion, Heroism, Finesse


You were on level 1 of the Lair of Beasts.
You worshipped Okawaru.
Okawaru was extremely pleased with you.
You visited 3 branches of the dungeon, and saw 15 of its levels.
You also visited: Ossuary.

You collected 723 gold pieces.
You spent 236 gold pieces at shops.

Inventory:

Hand Weapons
 x - a +2 long sword of flaming (weapon)
Armour
 c - a +0 helmet (worn)
 e - a +0 buckler (worn)
 h - a +0 pair of gloves (worn)
 y - a +2 plate armour of cold resistance (worn)
Jewellery
 g - a +4 ring of slaying (right hand)
 j - an uncursed ring of positive energy {unknown}
 u - an amulet of faith (around neck)
Wands
 q - a wand of acid (5)
 A - a wand of flame (15)
Scrolls
 b - a scroll of enchant weapon
 f - 10 scrolls of remove curse
 i - 3 scrolls of fog
 l - 4 scrolls of teleportation
 o - 3 scrolls of fear
 B - a scroll of blinking
Potions
 a - a potion of resistance
 d - a potion of brilliance
 k - 2 potions of flight
 m - a potion of magic
 p - 3 potions of curing
 t - 2 potions of haste
 v - a potion of cancellation


   Skills:
 + Level 10.3 Fighting
 + Level 9.0 Long Blades
 - Level 1.7 Throwing
 + Level 8.4 Armour
 + Level 9.0 Dodging
 - Level 5.0 Invocations


You had 11 spell levels left.
You didn't know any spells.
Your spell library contained the following spells:

 Spells                   Type           Power        Failure   Level
 Poisonous Vapours        Pois/Air       0%           100%        2
 Conjure Flame            Conj/Fire      0%           100%        3
 Mephitic Cloud           Conj/Pois/Air  0%           100%        3
 Freezing Cloud           Conj/Ice/Air   0%           100%        6


Dungeon Overview and Level Annotations

Branches:
Dungeon (13/15)            Temple (1/1) D:5            Lair (1/6) D:11
    Orc (0/2) D:11        Ossuary (visited)
 Vaults: D:13-14

Altars:
Ashenzari
Cheibriados
Dithmenos
Elyvilon
Fedhas
Gozag
Hepliaklqana
Kikubaaqudgha
Makhleb
Nemelex Xobeh
Okawaru
Qazlal
Ru
Sif Muna
Trog
Uskayaw
Vehumet
Wu Jian
Xom
Yredelemnul
Zin
The Shining One

Shops:
D:4 *   D:7 (

Annotations:
D:5 1 transporter, kae's ghost, novice OpTm


Innate Abilities, Weirdness & Mutations

You thrive by killing the living.
You are immune to poison.
You have sharp fingernails.
Your flesh is cold resistant. (rC+)
You are immune to negative energy. (rN+++)
You do not regenerate when monsters are visible.
You are immune to unholy pain and torment.
You can survive without breathing.


Message History

Your plate armour prevents you from hitting the blink frog.
The blink frog is moderately wounded.
The blink frog hits you but does no damage.
The blink frog hits you!
* * * LOW HITPOINT WARNING * * *
You closely miss the blink frog.
The blink frog is moderately wounded.
The blink frog hits you but does no damage.
The blink frog blinks!
You slash the blink frog! You burn the blink frog.
The blink frog is severely wounded.
The blink frog hits you but does no damage. x2
Your plate armour prevents you from hitting the blink frog.
The blink frog is heavily wounded.
The blink frog hits you!
* * * LOW HITPOINT WARNING * * *
The blink frog hits you!
* * * LOW HITPOINT WARNING * * *
The blink frog hits you.
You die...

#. ######..
#.#...#
######....#
##........#
.##...F†....# #
......F@...####.P#
..................
..........<.......
..................
....#.............
....#.............
... #.............
.. #......?....[#
###.........##


You could see 2 blink frogs.

Vanquished Creatures
  A boulder beetle (D:10)
  2 hydras
  2 unseen horrors
  A manticore (D:12)
  A black mamba (Lair:1)
  A gargoyle (D:13)
  2 trolls
  Grinder (D:6)
  A meliai (shapeshifter) (D:12)
  A hornet (D:9)
  A blink frog (Lair:1)
  A vampire (D:12)
  A wraith (D:10)
  11 yaks
  A steam dragon (D:9)
  2 wargs (D:11)
  Menkaure (D:5)
  2 water moccasins
  5 orc warriors
  4 ice beasts
  3 ogres
  A black bear (D:9)
  A necrophage (D:6)
  A phantom (D:4)
  12 centaurs
  2 big kobolds
  9 bullfrogs
  A wyvern skeleton (D:10)
  2 scorpions
  9 killer bees
  2 howler monkeys
  5 electric eels (D:11)
  2 centaur zombies (Ossuary)
  A bullfrog zombie (D:9)
  6 hounds
  A jelly (D:13)
  2 bullfrog skeletons
  2 centaur skeletons
  5 orc priests
  Terence (D:3)
  3 iguanas
  11 orc wizards
  9 worker ants
  4 hound zombies
  3 mummies (Ossuary)
  A worker ant zombie (D:10)
  11 adders
  3 white imps
  2 ufetubi
  2 oozes
  8 adder zombies (Ossuary)
  3 worms
  4 dart slugs
  2 leopard geckos
  27 orcs
  5 bats
  8 giant cockroaches
  A gnoll zombie (Ossuary)
  5 hobgoblins
  19 jackals
  7 quokkas
  2 frilled lizards
  9 goblins
  2 hobgoblin zombies (Ossuary)
  3 jackal zombies (Ossuary)
  18 kobolds
  4 kobold zombies (Ossuary)
  2 orc zombies (Ossuary)
  A quokka skeleton (D:4)
  6 quokka zombies (Ossuary)
  9 rats
  4 rat zombies (Ossuary)
308 creatures vanquished.

Vanquished Creatures (others)
  An orc (D:11)
1 creature vanquished.

Grand Total: 309 creatures vanquished

Notes
Turn   | Place    | Note
-------+----------+-------------------------------------------
     0 | D:1      | Borgoz the Ghoul Gladiator began the quest for the Orb.
     0 | D:1      | Reached XP level 1. HP: 17/17 MP: 0/0
   142 | D:1      | Reached XP level 2. HP: 15/25 MP: 1/1
   759 | D:1      | Reached XP level 3. HP: 19/30 MP: 2/2
   968 | D:1      | Reached skill level 1 in Armour
  1646 | D:2      | Reached XP level 4. HP: 26/37 MP: 3/3
  1670 | D:2      | Reached skill level 3 in Fighting
  2154 | D:3      | Noticed a centaur
  2159 | D:3      | Killed a centaur
  2160 | D:3      | Reached XP level 5. HP: 39/45 MP: 4/4
  2274 | D:3      | Noticed Terence
  2284 | D:3      | Killed Terence
  2941 | D:4      | Reached XP level 6. HP: 52/52 MP: 5/5
  3122 | D:4      | Reached skill level 4 in Fighting
  3303 | D:4      | Found a snail-covered altar of Cheibriados.
  3304 | D:4      | Found a glowing silver altar of Zin.
  3498 | D:4      | Reached XP level 7. HP: 7/60 MP: 6/6
  3546 | D:4      | Found an ornate altar of the Wu Jian Council.
  4126 | D:4      | Found Qoretz's Assorted Antiques.
  4129 | D:4      | Bought a murky brown potion for 18 gold pieces
  4129 | D:4      | Bought a scroll labelled USIYTHRUTOEPT for 20 gold pieces
  4129 | D:4      | Bought a dented diamond amulet for 100 gold pieces
  4132 | D:4      | Bought a viscous pink potion for 18 gold pieces
  4132 | D:4      | Bought a scroll of identify for 40 gold pieces
  4132 | D:4      | Bought a scroll of identify for 40 gold pieces
  4493 | D:5      | Entered Level 5 of the Dungeon
  4607 | D:5      | Noticed Menkaure
  4616 | D:5      | Killed Menkaure
  4761 | D:5      | Found a staircase to the Ecumenical Temple.
  4792 | Temple   | Entered the Ecumenical Temple
  4972 | Temple   | Became a worshipper of Warmaster Okawaru
  5000 | D:5      | Found a transporter.
  5002 | D:5      | Identified the +3 dire flail of Uncertain Death {vorpal,
                  | rF+ rN++ Stlth+}
  5002 | D:5      | Noticed kae's ghost (novice OpTm)
  5035 | D:5      | Reached skill level 5 in Fighting
  5153 | D:5      | Reached XP level 8. HP: 68/68 MP: 7/7
  5487 | D:5      | Found a blossoming altar of Fedhas.
  5767 | D:6      | Reached * piety under Okawaru
  5768 | D:6      | Reached skill level 5 in Long Blades
  5768 | D:6      | Reached skill level 5 in Dodging
  6062 | D:6      | Found a stormy altar of Qazlal.
  6240 | D:6      | Found a sand-covered staircase.
  6244 | Ossuary  | Entered an ossuary
  6372 | Ossuary  | Reached skill level 6 in Fighting
  6784 | D:6      | Noticed Grinder
  6794 | D:6      | Paralysed by Grinder for 3 turns
  6802 | D:6      | Killed Grinder
  6802 | D:6      | Reached ** piety under Okawaru
  6803 | D:6      | Reached XP level 9. HP: 60/78 MP: 8/8
  7001 | D:6      | Reached skill level 5 in Armour
  7720 | D:7      | Reached skill level 7 in Fighting
  7890 | D:7      | Found Quemext's Weapon Shoppe.
  8240 | D:8      | Reached *** piety under Okawaru
  8542 | D:8      | Found an ancient bone altar of Kikubaaqudgha.
  9111 | D:9      | Found a broken altar of Ashenzari.
  9194 | D:9      | Noticed a hornet
  9204 | D:9      | Killed a hornet
  9205 | D:9      | Reached skill level 1 in Invocations
  9382 | D:9      | Reached XP level 10. HP: 42/88 MP: 6/9
  9389 | D:9      | Reached **** piety under Okawaru
  9710 | D:9      | Reached skill level 8 in Fighting
 10189 | D:9      | Reached ***** piety under Okawaru
 10558 | D:9      | Lost intelligence.
 10612 | D:10     | Entered Level 10 of the Dungeon
 10678 | D:10     | Received a gift from Okawaru
 11228 | D:10     | Killed an unseen horror
 12061 | D:11     | Noticed a boulder beetle
 12432 | D:10     | HP: 2/90 [boulder beetle (19)]
 12452 | D:10     | Killed a boulder beetle
 12453 | D:10     | Reached skill level 9 in Fighting
 12453 | D:10     | Reached XP level 11. HP: 13/97 MP: 13/13
 12918 | D:11     | Noticed a four-headed hydra
 12927 | D:11     | Killed a one-headed hydra
 12928 | D:11     | Reached skill level 5 in Invocations
 13075 | D:11     | Found a staircase to the Orcish Mines.
 13823 | D:11     | Found a staircase to the Lair.
 14623 | D:12     | Noticed a manticore
 14644 | D:12     | HP: 4/97 [manticore (8)]
 14649 | D:12     | Killed a manticore
 14991 | D:12     | Killed an unseen horror
 15433 | D:12     | You fall into a shaft and drop 1 floor!
 15435 | D:13     | Noticed a five-headed hydra
 15454 | D:13     | Killed a one-headed hydra
 15455 | D:13     | Reached skill level 10 in Fighting
 15768 | D:13     | Noticed a phantasmal warrior
 15771 | D:13     | Noticed a death knight
 16121 | Lair:1   | Entered Level 1 of the Lair of Beasts
 16135 | Lair:1   | Reached XP level 12. HP: 54/106 MP: 14/14
 16150 | Lair:1   | HP: 3/107 [blink frog (11)]
 16150 | Lair:1   | Slain by a blink frog

Illustrated notes

Levels and vault maps discovered:
D:1:      dpeg_arrival_shrine, layout_loops_ring
D:2:      layout_rooms, chequers_serial_rivers_micro_c
D:3:      layout_basic, kennysheep_orc_chapel, uniq_terence
D:4:      layout_gridville, gammafunk_temple_overflow_pools, serial_shops,
          kennysheep_mini_moat, minmay_ruined_shrine
D:5:      layout_layer_cave, minmay_temple_entry_wispy, gammafunk_ghost_smash,
          supply_closet_lemuel, fedhas_altar_4, uniq_menkaure
D:6:      layout_basic, nicolae_overflow_crystal_walls, enter_ossuary_5,
          uniq_grinder
D:7:      layout_basic, serial_shops, nicolae_shop_window_shopping,
          grunt_ministairs_15
D:8:      layout_rooms, kiku_gazebo_pond_becter
D:9:      layout_gridville, evilmike_ruin_ashenzari
D:10:     layout_cave_pods
D:11:     layout_basic, erik_lair_orcish_takeover, orc_0_dummy
D:12:     layout_basic
D:13:     layout_loops_ring, basic_altar
Temple:   eino_temple_scatter_basement
Lair:1:   layout_cave_pods, lemuel_fruit_fields, grunt_megastairs_4

Skill      XL: |  1  2  3  4  5  6  7  8  9 10 11 12 |
---------------+-------------------------------------+-----
Dodging        | 3 4 5 6 7 8 9 |  9.0
Long Blades    | 3 4 5 6 7 9 |  9.0
Armour         | 1 2 3 4 6 7 8 |  8.4
Fighting       | 3 4 5 6 7 9 10 | 10.3
Invocations    | 1 4 5 |  5.0
Throwing       | |  1.7

Action                   |  1- 3 |  4- 6 |  7- 9 | 10-12 || total
-------------------------+-------+-------+-------+-------++-------
Melee: Long sword        |   111 |   145 |   436 |   395 ||  1087
Throw: Throwing net      |       |       |     4 |       ||     4
Invok: Heroism           |       |       |     1 |     5 ||     6
Evoke: Wand              |       |       |       |    10 ||    10
  Use: Scroll            |       |     6 |    17 |     6 ||    29
       Potion            |       |       |     1 |     9 ||    10
 Stab: Held in net/web   |       |       |     2 |       ||     2
Armor: Leather armour    |    38 |     8 |       |       ||    46
       Ring mail         |       |    37 |   159 |    24 ||   220
       Plate armour      |       |       |       |   310 ||   310
Dodge: Dodged            |   104 |   106 |   261 |   248 ||   719
Block: Buckler           |       |    15 |    63 |    83 ||   161
       Rpst.: Long sword |    25 |    38 |    91 |    67 ||   221

Table legend: (Time is in decaauts)
 A = Elapsed time spent in this place.
 B = Non-inter-level travel time spent in this place.
 C = Inter-level travel time spent in this place.
 D = Time resting spent in this place.
 E = Time spent auto-exploring this place.
 F = Levels seen in this place.
 G = Mean time per level.
                   A        B        C        D        E       F      G
               +--------+--------+--------+--------+--------+-----+--------+
         Total |  16303 |  15875 |    428 |   4122 |   9437 |  16 | 1018.9 |
       Dungeon |  15569 |  15163 |    406 |   4122 |   8932 |  13 | 1197.6 |
        Temple |    189 |    167 |     22 |      0 |    166 |   1 |  189.0 |
          Lair |     28 |     28 |      0 |      0 |      0 |   1 |   28.0 |
       Ossuary |    516 |    516 |      0 |      0 |    339 |   1 |  516.0 |
               +--------+--------+--------+--------+--------+-----+--------+

Top non-repeatable levels by time:
    D:10: 2165 daAuts
     D:9: 1897 daAuts
    D:11: 1831 daAuts
     D:4: 1606 daAuts
     D:1: 1461 daAuts
    D:12: 1171 daAuts
     D:6: 1068 daAuts
     D:5: 1035 daAuts
     D:7: 977 daAuts
     D:3: 773 daAuts
     D:2: 721 daAuts
 Ossuary: 516 daAuts
     D:8: 508 daAuts
    D:13: 350 daAuts
  Temple: 189 daAuts
